Penguins vs Red Wings

Created - 19 septembre 2014 at 19:40

Simulating a Pre-Season

Goals
1 2 3 T
Penguins 0 2 2 4
Red Wings 0 0 2 2
Shots
1 2 3 T
Penguins 8 9 10 27
Red Wings 7 8 13 28

1st period

No Goal

Penalties :
Nathan Horton (Pit) for Goalie Interference (Minor) at 10:37, Richard Jackman (Det) for Holding (Minor) at 16:03

2nd period

1. Penguins , Peter Forsberg 4 (Darren Reid, Jay McKee) at 7:01
2. Penguins , Jay McKee 1 (Steven Stamkos, Ryan Kesler) at 15:44 (PP)

Penalties :
Pernell Karl Subban (Pit) for Slashing (Minor) at 9:15, Martin Havlat (Det) for Delaying the game (Minor) at 15:08

3rd period

3. Red Wings , Rick Nash 1 (Jason Spezza, Shea Weber) at 0:08
4. Red Wings , Robert Dome 2 (Shawn Horcoff) at 0:37
5. Penguins , Brian McGrattan 1 (Denis Arkhipov, Pernell Karl Subban) at 2:08
6. Penguins , Dennis Seidenberg 1 (Raffi Torres, Denis Arkhipov) at 9:27

Penalties :
Nathan Horton (Pit) for Hooking (Minor) at 12:50

Goalie Stats

Brian Elliott (Pit), 26 saves from 28 shots - (0,929), W, 4-2-0, 60:00 minutes
Scott Clemmensen (Det), 23 saves from 27 shots - (0,852), L, 1-3-0, 60:00 minutes

Players Stats for Penguins

Player Name              G  A  P  +/- PIM S  H  SB GA TA FO     MP     PP MP  PK MP  
------------------------------------------------------------------------------------
Bobby Ryan               0  0  0  -1  0   0  3  0  0  0  0/1    19:20   1:20   1:28 
Brent Sopel              0  0  0   0  0   1  1  1  0  1  0/0    25:55   1:42   3:28 
Brian McGrattan          1  0  1   2  0   1  1  0  0  1  1/1     7:29   0:03   1:06 
Brooks Orpik             0  0  0   0  0   0  0  1  0  1  0/0    22:47   1:42   2:29 
Darren Reid              0  1  1   0  0   1  0  0  1  0  0/0    17:53   1:12   3:23 
Denis Arkhipov           0  2  2   2  0   2  0  2  1  1  5/9     9:30   0:00   3:23 
Dennis Seidenberg        1  0  1   1  0   2  0  1  0  1  0/0    12:04   0:00   0:00 
Dustin Penner            0  0  0  -1  0   7  0  0  0  0  0/1    19:06   1:20   1:06 
Jay McKee                1  1  2   0  0   4  0  1  0  1  0/0    25:09   0:53   3:28 
Nathan Horton            0  0  0   0  4   2  3  0  0  0  0/0    15:46   0:03   0:00 
Pernell Karl Subban      0  1  1   0  2   1  1  0  0  1  0/0    18:31   0:53   0:00 
Peter Forsberg           1  0  1   0  0   2  2  0  1  0  4/7    15:55   1:20   1:28 
Raffi Torres             0  1  1   2  0   1  1  0  0  0  0/0     5:56   0:00   0:00 
Ryan Kesler              0  1  1  -1  0   0  1  0  0  1  11/29  17:44   1:12   0:00 
Sean Zimmerman           0  0  0   1  0   0  2  1  0  2  0/0    15:41   0:00   2:29 
Steve Sullivan           0  0  0   0  0   2  4  0  0  0  3/3    15:18   0:00   0:00 
Steven Stamkos           0  1  1   0  0   1  1  1  0  0  4/7    16:30   1:12   0:00 
Taylor Pyatt             0  0  0   0  0   0  1  0  0  1  0/1    13:26   0:03   0:00 

Players Stats for Red Wings

Player Name              G  A  P  +/- PIM S  H  SB GA TA FO     MP     PP MP  PK MP  
------------------------------------------------------------------------------------
Christian Backman        0  0  0   0  0   0  0  0  0  0  0/0     3:04   0:00   0:00 
Christian Laflamme       0  0  0   1  0   2  3  3  0  1  0/0    19:12   2:33   0:51 
Jason Spezza             0  1  1   1  0   5  1  0  0  0  15/29  25:06   3:31   1:33 
Martin Havlat            0  0  0   1  2   3  1  1  1  0  0/1    19:54   3:31   0:36 
Maxim Kondratiev         0  0  0  -1  0   1  0  0  1  0  0/0    13:05   0:00   0:00 
Michal Grosek            0  0  0   0  0   1  0  0  0  0  0/0     5:47   0:00   0:22 
Mike Brown               0  0  0   1  0   1  2  0  0  0  1/1    13:12   0:00   0:00 
Mike Richards            0  0  0  -3  0   2  2  1  0  0  7/16   19:27   2:26   0:36 
Nate Thompson            0  0  0   0  0   1  1  0  1  1  1/1     6:13   0:00   0:00 
Ossi Vaananen            0  0  0  -1  0   0  0  0  0  0  0/0    15:46   0:00   1:08 
Paul Martin              0  0  0   1  0   1  0  0  0  0  0/0    19:12   2:33   0:51 
Richard Jackman          0  0  0  -1  2   0  0  2  0  1  0/0    22:17   3:24   0:36 
Rick Nash                1  0  1   1  0   2  1  2  4  0  2/2    21:16   3:31   1:37 
Robert Dome              1  0  1   1  0   2  5  0  0  0  1/1    14:30   0:00   0:26 
Sean Bergenheim          0  0  0  -3  0   2  1  0  1  0  1/1    18:37   2:26   0:00 
Shawn Horcoff            0  1  1   1  0   4  2  0  1  0  3/6    14:25   0:00   0:00 
Shea Weber               0  1  1  -1  0   0  3  4  1  0  0/0    27:43   3:24   1:44 
Teemu Selanne            0  0  0  -3  0   1  2  0  1  0  0/1    18:37   2:26   0:00 

3 Stars

1 - Robert Dome (Det)
2 - Brian McGrattan (Pit)
3 - Denis Arkhipov (Pit)

Power Play

Penguins - 1 on 2 Attempt(s) - 50,00%
Red Wings - 0 on 3 Attempt(s) - 0,00%

Penalty Kill

Penguins - 3 on 3 Attempt(s) - 100,00% - Score 0 goal in Penalty Kill
Red Wings - 1 on 2 Attempt(s) - 50,00% - Score 0 goal in Penalty Kill

Official

Referees : Charron Francis and Kimmerly Greg
Linesman : Vaughan Rody and Scott Cherrey

Game Notes

15:44 of 2nd period - Penguins goal is going for a video replay. After video review, Goal.

Penguins

5 vs 5 Forward 
   Center                   Left Wing                Right Wing               Time % Phy DF OF 
 1 Ryan Kesler              Dustin Penner            Bobby Ryan               40     1   1  3  
 2 Steven Stamkos           Steve Sullivan           Nathan Horton            30     1   1  3  
 3 Peter Forsberg           Taylor Pyatt             Darren Reid              25     1   1  3  
 4 Denis Arkhipov           Raffi Torres             Brian McGrattan          5      1   2  2  

5 vs 5 Defense 
   Defense                  Defense                                           Time % Phy DF OF 
 1 Jay McKee                Brent Sopel                                       40     1   2  2  
 2 Brooks Orpik             Pernell Karl Subban                               35     1   2  2  
 3 Dennis Seidenberg        Sean Zimmerman                                    20     1   2  2  
 4 Brent Sopel              Brooks Orpik                                      5      1   2  2  

PowerPlay Forward 
   Center                   Left Wing                Right Wing               Time % Phy DF OF 
 1 Peter Forsberg           Dustin Penner            Bobby Ryan               60     1   0  4  
 2 Ryan Kesler              Steven Stamkos           Darren Reid              40     1   0  4  

PowerPlay Defense
   Defense                  Defense                                           Time % Phy DF OF 
 1 Brooks Orpik             Brent Sopel                                       60     1   1  3  
 2 Jay McKee                Pernell Karl Subban                               40     1   1  3  

Penalty Kill 4 Players Forward 
   Center                   Wing                     Time % Phy DF OF 
 1 Denis Arkhipov           Darren Reid              60     1   3  1  
 2 Peter Forsberg           Bobby Ryan               40     1   3  1  

Penalty Kill 4 Players Defense
   Defense                  Defense                  Time % Phy DF OF 
 1 Jay McKee                Brent Sopel              60     1   3  1  
 2 Brooks Orpik             Sean Zimmerman           40     1   3  1  

Penalty Kill - 3 Players Forward 
   Forward                                           Time % Phy DF OF 
 1 Denis Arkhipov                                    60     1   3  1  
 2 Taylor Pyatt                                      40     1   3  1  

Penalty Kill - 3 Players Defense
   Defense                  Defense                  Time % Phy DF OF 
 1 Jay McKee                Brent Sopel              60     1   3  1  
 2 Brooks Orpik             Sean Zimmerman           40     1   3  1  

4 vs 4 Forward 
   Center                   Wing                     Time % Phy DF OF 
 1 Peter Forsberg           Ryan Kesler              60     1   2  2  
 2 Dustin Penner            Bobby Ryan               40     1   2  2  

4 vs 4 Defense
   Defense                  Defense                  Time % Phy DF OF 
 1 Brooks Orpik             Brent Sopel              60     1   2  2  
 2 Jay McKee                Pernell Karl Subban      40     1   2  2  

Last Minutes Offensive
   Center                   Left Wing                Right Wing               Defense                  Defense                  
   Ryan Kesler              Dustin Penner            Bobby Ryan               Brent Sopel              Jay McKee                

Last Minutes Defensive
   Center                   Left Wing                Right Wing               Defense                  Defense                  
   Denis Arkhipov           Darren Reid              Bobby Ryan               Brent Sopel              Jay McKee                

Goaltenders
Starting : Brian Elliott            
Backup : Josh Tordjman            

Extra Forwards
Normal : Darren Reid, Taylor Pyatt, Brian McGrattan - PP : Nathan Horton, Taylor Pyatt - PK : Brian McGrattan
Extra Defensemen
Normal : Dennis Seidenberg, Brent Sopel, Jay McKee - PP : Dennis Seidenberg - PK : Brent Sopel, Jay McKee
Penalty Shots
Peter Forsberg, Ryan Kesler, Dustin Penner, Bobby Ryan, Steven Stamkos

Red Wings

5 vs 5 Forward 
   Center                   Left Wing                Right Wing               Time % Phy DF OF 
 1 Jason Spezza             Rick Nash                Martin Havlat            40     1   2  2  
 2 Mike Richards            Sean Bergenheim          Teemu Selanne            30     1   2  2  
 3 Shawn Horcoff            Robert Dome              Mike Brown               20     1   2  2  
 4 Nate Thompson            Michal Grosek            Jason Spezza             10     1   2  2  

5 vs 5 Defense 
   Defense                  Defense                                           Time % Phy DF OF 
 1 Shea Weber               Richard Jackman                                   40     1   2  2  
 2 Paul Martin              Christian Laflamme                                30     1   2  2  
 3 Maxim Kondratiev         Ossi Vaananen                                     20     1   2  2  
 4 Christian Backman        Shea Weber                                        10     1   2  2  

PowerPlay Forward 
   Center                   Left Wing                Right Wing               Time % Phy DF OF 
 1 Jason Spezza             Rick Nash                Martin Havlat            60     1   2  2  
 2 Mike Richards            Sean Bergenheim          Teemu Selanne            40     1   2  2  

PowerPlay Defense
   Defense                  Defense                                           Time % Phy DF OF 
 1 Shea Weber               Richard Jackman                                   60     1   2  2  
 2 Paul Martin              Christian Laflamme                                40     1   2  2  

Penalty Kill 4 Players Forward 
   Center                   Wing                     Time % Phy DF OF 
 1 Jason Spezza             Rick Nash                60     1   2  2  
 2 Mike Richards            Martin Havlat            40     1   2  2  

Penalty Kill 4 Players Defense
   Defense                  Defense                  Time % Phy DF OF 
 1 Shea Weber               Richard Jackman          60     1   2  2  
 2 Paul Martin              Christian Laflamme       40     1   2  2  

Penalty Kill - 3 Players Forward 
   Forward                                           Time % Phy DF OF 
 1 Jason Spezza                                      60     1   2  2  
 2 Rick Nash                                         40     1   2  2  

Penalty Kill - 3 Players Defense
   Defense                  Defense                  Time % Phy DF OF 
 1 Shea Weber               Richard Jackman          60     1   2  2  
 2 Paul Martin              Christian Laflamme       40     1   2  2  

4 vs 4 Forward 
   Center                   Wing                     Time % Phy DF OF 
 1 Jason Spezza             Rick Nash                60     1   2  2  
 2 Mike Richards            Martin Havlat            40     1   2  2  

4 vs 4 Defense
   Defense                  Defense                  Time % Phy DF OF 
 1 Shea Weber               Richard Jackman          60     1   2  2  
 2 Paul Martin              Christian Laflamme       40     1   2  2  

Last Minutes Offensive
   Center                   Left Wing                Right Wing               Defense                  Defense                  
   Jason Spezza             Rick Nash                Martin Havlat            Shea Weber               Richard Jackman          

Last Minutes Defensive
   Center                   Left Wing                Right Wing               Defense                  Defense                  
   Jason Spezza             Rick Nash                Martin Havlat            Shea Weber               Richard Jackman          

Goaltenders
Starting : Scott Clemmensen         
Backup : Jonathan Quick           

Extra Forwards
Normal : Shawn Horcoff, Nate Thompson, Robert Dome - PP : Shawn Horcoff, Nate Thompson - PK : Robert Dome
Extra Defensemen
Normal : Maxim Kondratiev, Ossi Vaananen, Christian Backman - PP : Maxim Kondratiev - PK : Ossi Vaananen, Christian Backman
Penalty Shots
Jason Spezza, Rick Nash, Mike Richards, Martin Havlat, Sean Bergenheim

% Time on Ice - Penguins

Lines # - Real PCT - Wanted PCT - Time Play
Normal Forward
1 - 33% - 40% - 17:07
2 - 30% - 30% - 15:18
3 - 25% - 25% - 13:07
4 - 12% - 5% - 5:56
Normal Defense
1 - 40% - 40% - 20:45
2 - 36% - 35% - 18:39
3 - 23% - 20% - 12:04
4 - 0% - 5% - 0:00
PP Forward
1 - 54% - 60% - 1:23
2 - 46% - 40% - 1:12
PP Defense
1 - 66% - 60% - 1:42
2 - 34% - 40% - 0:53
PK Forward
1 - 75% - 60% - 4:29
2 - 25% - 40% - 1:28
PK Defense
1 - 58% - 60% - 3:28
2 - 42% - 40% - 2:29
PK3 Forward
1 - 0% - 60%
2 - 0% - 40%
PK3 Defense
1 - 0% - 60%
2 - 0% - 40%
44 Forward
1 - 0% - 60%
2 - 0% - 40%
44 Defense
1 - 0% - 60%
2 - 0% - 40%
Last Minute Offensive  - 0:00
Last Minute Defensive  - 0:00
Total
Forward - 60:00
Defense - 60:00

% Time on Ice - Red Wings

Lines # - Real PCT - Wanted PCT - Time Play
Normal Forward
1 - 32% - 40% - 16:40
2 - 31% - 30% - 16:11
3 - 26% - 20% - 13:12
4 - 11% - 10% - 5:25
Normal Defense
1 - 38% - 40% - 19:31
2 - 31% - 30% - 15:48
3 - 25% - 20% - 13:05
4 - 6% - 10% - 3:04
PP Forward
1 - 59% - 60% - 3:31
2 - 41% - 40% - 2:26
PP Defense
1 - 57% - 60% - 3:24
2 - 43% - 40% - 2:33
PK Forward
1 - 77% - 60% - 1:59
2 - 23% - 40% - 0:36
PK Defense
1 - 67% - 60% - 1:44
2 - 33% - 40% - 0:51
PK3 Forward
1 - 0% - 60%
2 - 0% - 40%
PK3 Defense
1 - 0% - 60%
2 - 0% - 40%
44 Forward
1 - 0% - 60%
2 - 0% - 40%
44 Defense
1 - 0% - 60%
2 - 0% - 40%
Last Minute Offensive  - 0:00
Last Minute Defensive  - 0:00
Total
Forward - 60:00
Defense - 60:00

Play by Play

1st period


0:01 of 1st period - Ryan Kesler wins face-off versus Jason Spezza in neutral zone.
0:33 of 1st period - Wrist shot by Steve Sullivan.
0:33 of 1st period - Shot Misses the Net.
0:49 of 1st period - Wrist shot by Peter Forsberg.
0:49 of 1st period - Shot Blocked by Christian Laflamme.
1:43 of 1st period - Wrist shot by Dustin Penner.
1:43 of 1st period - Stopped by Scott Clemmensen without a rebound.
1:44 of 1st period - Steven Stamkos wins face-off versus Mike Richards in Red Wings zone.
2:18 of 1st period - Off-side.
2:19 of 1st period - Nate Thompson wins face-off versus Ryan Kesler in neutral zone.
2:50 of 1st period - Snap shot by Dustin Penner.
2:50 of 1st period - Stopped by Scott Clemmensen without a rebound.
2:51 of 1st period - Jason Spezza wins face-off versus Peter Forsberg in Red Wings zone.
3:16 of 1st period - Darren Reid is hit by Robert Dome and loses puck.
3:44 of 1st period - Snap shot by Peter Forsberg.
3:44 of 1st period - Stopped by Scott Clemmensen with a rebound.
4:03 of 1st period - Snap shot by Jason Spezza.
4:03 of 1st period - Deflect By Nate Thompson.
4:03 of 1st period - Shot Blocked by Dennis Seidenberg.
4:03 of 1st period - Puck is out of play.
4:04 of 1st period - Steve Sullivan wins face-off versus Jason Spezza in Penguins zone.
4:04 of 1st period - Steve Sullivan is hit by Shea Weber.
4:16 of 1st period - Snap shot by Steven Stamkos.
4:16 of 1st period - Shot Blocked by Shea Weber.
5:08 of 1st period - Steve Sullivan is hit by Mike Richards and loses puck.
5:36 of 1st period - Snap shot by Nate Thompson.
5:36 of 1st period - Stopped by Brian Elliott with a rebound.
7:01 of 1st period - Slapshot by Shawn Horcoff.
7:01 of 1st period - Deflect By Robert Dome.
7:01 of 1st period - Shot Misses the Net.
7:01 of 1st period - Puck is out of play.
7:02 of 1st period - Jason Spezza wins face-off versus Steven Stamkos in Penguins zone.
7:09 of 1st period - Snap shot by Rick Nash.
7:09 of 1st period - Shot Hit the Post.
7:11 of 1st period - Slapshot by Martin Havlat.
7:11 of 1st period - Stopped by Brian Elliott without a rebound.
7:12 of 1st period - Jason Spezza wins face-off versus Steven Stamkos in Penguins zone.
7:21 of 1st period - Nathan Horton is hit by Rick Nash and loses puck.
7:34 of 1st period - Snap shot by Nathan Horton.
7:34 of 1st period - Shot Misses the Net.
8:04 of 1st period - Slapshot by Steven Stamkos.
8:04 of 1st period - Deflect By Steve Sullivan.
8:04 of 1st period - Shot Blocked by Shea Weber.
8:04 of 1st period - Puck is out of play.
8:05 of 1st period - Mike Richards wins face-off versus Ryan Kesler in Red Wings zone.
8:05 of 1st period - Mike Richards is hit by Ryan Kesler.
8:17 of 1st period - Brent Sopel is hit by Teemu Selanne and loses puck.
8:53 of 1st period - Maxim Kondratiev is hit by Raffi Torres and loses puck.
9:00 of 1st period - Slapshot by Raffi Torres.
9:00 of 1st period - Deflect By Denis Arkhipov.
9:00 of 1st period - Stopped by Scott Clemmensen with a rebound.
9:30 of 1st period - Snap shot by Shawn Horcoff.
9:30 of 1st period - Stopped by Brian Elliott with a rebound.
9:58 of 1st period - Wrist shot by Dustin Penner.
9:58 of 1st period - Stopped by Scott Clemmensen without a rebound.
9:59 of 1st period - Shawn Horcoff wins face-off versus Ryan Kesler in Red Wings zone.
10:26 of 1st period - Sean Zimmerman is hit by Sean Bergenheim and loses puck.
10:37 of 1st period - Minor Penalty to Nathan Horton for Goalie Interference.
10:38 of 1st period - Denis Arkhipov wins face-off versus Jason Spezza in Penguins zone.
11:11 of 1st period - Snap shot by Mike Richards.
11:11 of 1st period - Shot Misses the Net.
11:13 of 1st period - Snap shot by Sean Bergenheim.
11:13 of 1st period - Stopped by Brian Elliott without a rebound.
11:14 of 1st period - Jason Spezza wins face-off versus Denis Arkhipov in Penguins zone.
11:23 of 1st period - Slapshot by Jason Spezza.
11:23 of 1st period - Shot Misses the Net.
12:16 of 1st period - Snap shot by Bobby Ryan.
12:16 of 1st period - Shot Misses the Net.
12:23 of 1st period - Icing by Rick Nash.
12:24 of 1st period - Denis Arkhipov wins face-off versus Jason Spezza in Red Wings zone.
12:25 of 1st period - Snap shot by Darren Reid.
12:25 of 1st period - Shot Misses the Net.
12:27 of 1st period - Snap shot by Denis Arkhipov.
12:27 of 1st period - Stopped by Scott Clemmensen without a rebound.
12:28 of 1st period - Mike Richards wins face-off versus Denis Arkhipov in Red Wings zone.
12:37 of 1st period - Penalty to Nathan Horton is over, Nathan Horton is back on ice.
12:37 of 1st period - Slapshot by Mike Richards.
12:37 of 1st period - Shot Blocked by Sean Zimmerman.
12:53 of 1st period - Brooks Orpik is hit by Robert Dome and loses puck.
13:48 of 1st period - Wrist shot by Sean Bergenheim.
13:48 of 1st period - Stopped by Brian Elliott without a rebound.
13:49 of 1st period - Denis Arkhipov wins face-off versus Shawn Horcoff in Penguins zone.
14:35 of 1st period - Wrist shot by Mike Richards.
14:35 of 1st period - Shot Misses the Net.
14:37 of 1st period - Wrist shot by Sean Bergenheim.
14:37 of 1st period - Shot Misses the Net.
14:39 of 1st period - Snap shot by Mike Richards.
14:39 of 1st period - Shot Misses the Net.
14:57 of 1st period - Taylor Pyatt is hit by Mike Brown and loses puck.
15:02 of 1st period - Snap shot by Robert Dome.
15:02 of 1st period - Deflect By Shawn Horcoff.
15:02 of 1st period - Shot Misses the Net.
15:02 of 1st period - Puck is out of play.
15:03 of 1st period - Jason Spezza wins face-off versus Dustin Penner in Penguins zone.
15:39 of 1st period - Slapshot by Peter Forsberg.
15:39 of 1st period - Shot Misses the Net.
15:41 of 1st period - Snap shot by Dennis Seidenberg.
15:41 of 1st period - Stopped by Scott Clemmensen without a rebound.
15:42 of 1st period - Steven Stamkos wins face-off versus Mike Richards in Red Wings zone.
15:55 of 1st period - Slapshot by Steve Sullivan.
15:55 of 1st period - Stopped by Scott Clemmensen with a rebound.
16:03 of 1st period - Minor Penalty to Richard Jackman for Holding.
16:04 of 1st period - Peter Forsberg wins face-off versus Jason Spezza in Red Wings zone.
16:33 of 1st period - Snap shot by Steven Stamkos.
16:33 of 1st period - Shot Blocked by Rick Nash.
16:39 of 1st period - Snap shot by Darren Reid.
16:39 of 1st period - Shot Misses the Net.
17:33 of 1st period - Snap shot by Michal Grosek.
17:33 of 1st period - Stopped by Brian Elliott with a rebound.
17:45 of 1st period - Ryan Kesler is hit by Shea Weber and loses puck.
18:03 of 1st period - Penalty to Richard Jackman is over, Richard Jackman is back on ice.
18:05 of 1st period - Richard Jackman is hit by Brian McGrattan.
18:22 of 1st period - Icing by Ossi Vaananen.
18:23 of 1st period - Robert Dome wins face-off versus Denis Arkhipov in Red Wings zone.
18:48 of 1st period - Ossi Vaananen is hit by Steve Sullivan and loses puck.
19:04 of 1st period - Nate Thompson is hit by Nathan Horton and loses puck.
19:13 of 1st period - Wrist shot by Jason Spezza.
19:13 of 1st period - Stopped by Brian Elliott with a rebound.
19:33 of 1st period - Wrist shot by Nate Thompson.
19:33 of 1st period - Shot Misses the Net.
19:35 of 1st period - Slapshot by Ossi Vaananen.
19:35 of 1st period - Deflect By Nate Thompson.
19:35 of 1st period - Shot Misses the Net.
19:35 of 1st period - Puck is out of play.
19:36 of 1st period - Mike Richards wins face-off versus Ryan Kesler in Penguins zone.
Goals for this period are 0 for Penguins vs 0 for Red Wings.
Shots for this period are 8 for Penguins vs 7 for Red Wings.

2nd period


0:01 of 2nd period - Jason Spezza wins face-off versus Bobby Ryan in neutral zone.
0:12 of 2nd period - Snap shot by Ryan Kesler.
0:12 of 2nd period - Shot Misses the Net.
0:14 of 2nd period - Snap shot by Dustin Penner.
0:14 of 2nd period - Shot Hit the Post.
0:16 of 2nd period - Snap shot by Ryan Kesler.
0:16 of 2nd period - Shot Hit the Post.
1:37 of 2nd period - Snap shot by Sean Bergenheim.
1:37 of 2nd period - Shot Misses the Net.
2:37 of 2nd period - Wrist shot by Darren Reid.
2:37 of 2nd period - Shot Misses the Net.
3:22 of 2nd period - Backhand shot by Dustin Penner.
3:22 of 2nd period - Shot Blocked by Rick Nash.
3:24 of 2nd period - Slapshot by Bobby Ryan.
3:24 of 2nd period - Shot Blocked by Shea Weber.
3:26 of 2nd period - Snap shot by Bobby Ryan.
3:26 of 2nd period - Shot Misses the Net.
3:38 of 2nd period - Paul Martin is hit by Taylor Pyatt and loses puck.
4:03 of 2nd period - Shawn Horcoff is hit by Steve Sullivan and loses puck.
4:43 of 2nd period - Wrist shot by Raffi Torres.
4:43 of 2nd period - Shot Misses the Net.
4:45 of 2nd period - Snap shot by Dustin Penner.
4:45 of 2nd period - Shot Misses the Net.
4:47 of 2nd period - Slapshot by Dustin Penner.
4:47 of 2nd period - Stopped by Scott Clemmensen without a rebound.
4:48 of 2nd period - Mike Richards wins face-off versus Ryan Kesler in Red Wings zone.
4:53 of 2nd period - Snap shot by Mike Richards.
4:53 of 2nd period - Stopped by Brian Elliott with a rebound.
4:59 of 2nd period - Slapshot by Mike Richards.
4:59 of 2nd period - Deflect By Teemu Selanne.
4:59 of 2nd period - Stopped by Brian Elliott with a rebound.
5:01 of 2nd period - Snap shot by Mike Richards.
5:01 of 2nd period - Shot Misses the Net.
5:03 of 2nd period - Slapshot by Richard Jackman.
5:03 of 2nd period - Shot Misses the Net.
5:37 of 2nd period - Slapshot by Nathan Horton.
5:37 of 2nd period - Shot Misses the Net.
6:16 of 2nd period - Jay McKee is hit by Mike Richards and loses puck.
6:33 of 2nd period - Snap shot by Sean Bergenheim.
6:33 of 2nd period - Shot Blocked by Jay McKee.
6:43 of 2nd period - Wrist shot by Peter Forsberg.
6:43 of 2nd period - Shot Misses the Net.
6:59 of 2nd period - Wrist shot by Darren Reid.
6:59 of 2nd period - Stopped by Scott Clemmensen with a rebound.
7:01 of 2nd period - Snap shot by Peter Forsberg.
7:01 of 2nd period - Goal by Peter Forsberg - Penguins : 1 - Red Wings : 0.
7:02 of 2nd period - Ryan Kesler wins face-off versus Jason Spezza in neutral zone.
7:05 of 2nd period - Slapshot by Ryan Kesler.
7:05 of 2nd period - Shot Hit the Post.
7:07 of 2nd period - Slapshot by Brooks Orpik.
7:07 of 2nd period - Deflect By Dustin Penner.
7:07 of 2nd period - Stopped by Scott Clemmensen without a rebound.
7:08 of 2nd period - Ryan Kesler wins face-off versus Jason Spezza in Red Wings zone.
8:38 of 2nd period - Slapshot by Jason Spezza.
8:38 of 2nd period - Stopped by Brian Elliott with a rebound.
8:52 of 2nd period - Snap shot by Steven Stamkos.
8:52 of 2nd period - Shot Misses the Net.
8:54 of 2nd period - Snap shot by Brooks Orpik.
8:54 of 2nd period - Shot Hit the Post.
8:56 of 2nd period - Snap shot by Nathan Horton.
8:56 of 2nd period - Shot Blocked by Christian Laflamme.
8:58 of 2nd period - Wrist shot by Nathan Horton.
8:58 of 2nd period - Shot Blocked by Christian Laflamme.
9:00 of 2nd period - Snap shot by Nathan Horton.
9:00 of 2nd period - Deflect By Steven Stamkos.
9:00 of 2nd period - Shot Misses the Net.
9:00 of 2nd period - Puck is out of play.
9:01 of 2nd period - Mike Richards wins face-off versus Ryan Kesler in Red Wings zone.
9:15 of 2nd period - Minor Penalty to Pernell Karl Subban for Slashing.
9:16 of 2nd period - Denis Arkhipov wins face-off versus Jason Spezza in Penguins zone.
9:46 of 2nd period - Slapshot by Sean Bergenheim.
9:46 of 2nd period - Shot Blocked by Denis Arkhipov.
10:48 of 2nd period - Darren Reid is hit by Martin Havlat and loses puck.
11:15 of 2nd period - Penalty to Pernell Karl Subban is over, Pernell Karl Subban is back on ice.
11:17 of 2nd period - Brent Sopel is hit by Shea Weber and loses puck.
11:30 of 2nd period - Wrist shot by Shawn Horcoff.
11:30 of 2nd period - Shot Blocked by Steven Stamkos.
11:32 of 2nd period - Snap shot by Mike Brown.
11:32 of 2nd period - Stopped by Brian Elliott without a rebound.
11:33 of 2nd period - Steven Stamkos wins face-off versus Shawn Horcoff in Penguins zone.
11:44 of 2nd period - Wrist shot by Shawn Horcoff.
11:44 of 2nd period - Shot Misses the Net.
11:55 of 2nd period - Robert Dome is hit by Steve Sullivan and loses puck.
12:12 of 2nd period - Steven Stamkos is hit by Mike Brown and loses puck.
12:37 of 2nd period - Nathan Horton is hit by Robert Dome.
13:07 of 2nd period - Snap shot by Nathan Horton.
13:07 of 2nd period - Stopped by Scott Clemmensen without a rebound.
13:08 of 2nd period - Jason Spezza wins face-off versus Ryan Kesler in Red Wings zone.
14:09 of 2nd period - Brian McGrattan is hit by Nate Thompson and loses puck.
14:45 of 2nd period - Icing by Peter Forsberg.
14:46 of 2nd period - Peter Forsberg wins face-off versus Mike Richards in Penguins zone.
14:46 of 2nd period - Peter Forsberg is hit by Christian Laflamme.
14:52 of 2nd period - Snap shot by Rick Nash.
14:52 of 2nd period - Shot Hit the Post.
14:55 of 2nd period - Icing by Dustin Penner.
14:56 of 2nd period - Jason Spezza wins face-off versus Ryan Kesler in Penguins zone.
14:59 of 2nd period - Snap shot by Jason Spezza.
14:59 of 2nd period - Stopped by Brian Elliott without a rebound.
15:00 of 2nd period - Ryan Kesler wins face-off versus Jason Spezza in Penguins zone.
15:08 of 2nd period - Minor Penalty to Martin Havlat for Delaying the game.
15:09 of 2nd period - Jason Spezza wins face-off versus Peter Forsberg in Red Wings zone.
15:09 of 2nd period - Jason Spezza is hit by Brent Sopel.
15:40 of 2nd period - Wrist shot by Steven Stamkos.
15:40 of 2nd period - Shot Misses the Net.
15:42 of 2nd period - Snap shot by Steven Stamkos.
15:42 of 2nd period - Shot Misses the Net.
15:44 of 2nd period - Slapshot by Jay McKee.
15:44 of 2nd period - Penguins goal is going for a video replay.
15:44 of 2nd period - The goal is good.
15:44 of 2nd period - Goal by Jay McKee - Penguins : 2 - Red Wings : 0.
15:45 of 2nd period - Ryan Kesler wins face-off versus Mike Richards in neutral zone.
15:50 of 2nd period - Snap shot by Dustin Penner.
15:50 of 2nd period - Stopped by Scott Clemmensen without a rebound.
15:51 of 2nd period - Sean Bergenheim wins face-off versus Ryan Kesler in Red Wings zone.
15:51 of 2nd period - Sean Bergenheim is hit by Bobby Ryan.
15:59 of 2nd period - Slapshot by Ryan Kesler.
15:59 of 2nd period - Shot Misses the Net.
17:31 of 2nd period - Dustin Penner is hit by Robert Dome and loses puck.
17:39 of 2nd period - Icing by Pernell Karl Subban.
17:40 of 2nd period - Rick Nash wins face-off versus Ryan Kesler in Penguins zone.
17:41 of 2nd period - Snap shot by Jason Spezza.
17:41 of 2nd period - Stopped by Brian Elliott without a rebound.
17:42 of 2nd period - Peter Forsberg wins face-off versus Mike Richards in Penguins zone.
18:09 of 2nd period - Sean Bergenheim is hit by Steve Sullivan and loses puck.
18:22 of 2nd period - Slapshot by Mike Richards.
18:22 of 2nd period - Stopped by Brian Elliott with a rebound.
18:24 of 2nd period - Slapshot by Christian Laflamme.
18:24 of 2nd period - Stopped by Brian Elliott without a rebound.
18:25 of 2nd period - Jason Spezza wins face-off versus Ryan Kesler in Penguins zone.
18:50 of 2nd period - Taylor Pyatt is hit by Robert Dome and loses puck.
19:35 of 2nd period - Off-side.
19:36 of 2nd period - Mike Richards wins face-off versus Ryan Kesler in neutral zone.
19:45 of 2nd period - Snap shot by Brent Sopel.
19:45 of 2nd period - Stopped by Scott Clemmensen with a rebound.
19:47 of 2nd period - Snap shot by Jay McKee.
19:47 of 2nd period - Stopped by Scott Clemmensen with a rebound.
19:49 of 2nd period - Wrist shot by Bobby Ryan.
19:49 of 2nd period - Shot Blocked by Mike Richards.
Goals for this period are 2 for Penguins vs 0 for Red Wings.
Shots for this period are 9 for Penguins vs 8 for Red Wings.

3rd period


0:01 of 3rd period - Jason Spezza wins face-off versus Ryan Kesler in neutral zone.
0:08 of 3rd period - Snap shot by Rick Nash.
0:08 of 3rd period - Goal by Rick Nash - Penguins : 2 - Red Wings : 1.
0:09 of 3rd period - Ryan Kesler wins face-off versus Jason Spezza in neutral zone.
0:20 of 3rd period - Ryan Kesler is hit by Jason Spezza and loses puck.
0:35 of 3rd period - Slapshot by Paul Martin.
0:35 of 3rd period - Stopped by Brian Elliott without a rebound.
0:36 of 3rd period - Shawn Horcoff wins face-off versus Taylor Pyatt in Penguins zone.
0:37 of 3rd period - Snap shot by Robert Dome.
0:37 of 3rd period - Goal by Robert Dome - Penguins : 2 - Red Wings : 2.
0:38 of 3rd period - Ryan Kesler wins face-off versus Jason Spezza in neutral zone.
1:24 of 3rd period - Snap shot by Taylor Pyatt.
1:24 of 3rd period - Shot Misses the Net.
1:55 of 3rd period - Maxim Kondratiev is hit by Bobby Ryan and loses puck.
2:08 of 3rd period - Snap shot by Denis Arkhipov.
2:08 of 3rd period - Deflect By Brian McGrattan.
2:08 of 3rd period - Goal by Brian McGrattan - Penguins : 3 - Red Wings : 2.
2:09 of 3rd period - Rick Nash wins face-off versus Ryan Kesler in neutral zone.
2:35 of 3rd period - Sean Bergenheim is hit by Peter Forsberg.
2:47 of 3rd period - Peter Forsberg is hit by Christian Laflamme and loses puck.
3:47 of 3rd period - Slapshot by Christian Laflamme.
3:47 of 3rd period - Stopped by Brian Elliott without a rebound.
3:48 of 3rd period - Mike Brown wins face-off versus Ryan Kesler in Penguins zone.
3:49 of 3rd period - Snap shot by Robert Dome.
3:49 of 3rd period - Stopped by Brian Elliott with a rebound.
4:03 of 3rd period - Snap shot by Dustin Penner.
4:03 of 3rd period - Deflect By Ryan Kesler.
4:03 of 3rd period - Shot Misses the Net.
4:03 of 3rd period - Puck is out of play.
4:04 of 3rd period - Jason Spezza wins face-off versus Steven Stamkos in Red Wings zone.
4:09 of 3rd period - Snap shot by Steve Sullivan.
4:09 of 3rd period - Stopped by Scott Clemmensen without a rebound.
4:10 of 3rd period - Steven Stamkos wins face-off versus Jason Spezza in Red Wings zone.
4:15 of 3rd period - Wrist shot by Steven Stamkos.
4:15 of 3rd period - Stopped by Scott Clemmensen with a rebound.
4:17 of 3rd period - Snap shot by Nathan Horton.
4:17 of 3rd period - Stopped by Scott Clemmensen with a rebound.
4:19 of 3rd period - Slapshot by Jay McKee.
4:19 of 3rd period - Stopped by Scott Clemmensen with a rebound.
6:10 of 3rd period - Dustin Penner is hit by Shawn Horcoff and loses puck.
6:21 of 3rd period - Snap shot by Jason Spezza.
6:21 of 3rd period - Shot Misses the Net.
6:23 of 3rd period - Slapshot by Maxim Kondratiev.
6:23 of 3rd period - Shot Misses the Net.
6:25 of 3rd period - Wrist shot by Martin Havlat.
6:25 of 3rd period - Stopped by Brian Elliott with a rebound.
6:27 of 3rd period - Slapshot by Maxim Kondratiev.
6:27 of 3rd period - Shot Misses the Net.
6:39 of 3rd period - Nate Thompson is hit by Sean Zimmerman and loses puck.
6:48 of 3rd period - Snap shot by Raffi Torres.
6:48 of 3rd period - Stopped by Scott Clemmensen without a rebound.
6:49 of 3rd period - Ryan Kesler wins face-off versus Mike Richards in Red Wings zone.
6:54 of 3rd period - Snap shot by Ryan Kesler.
6:54 of 3rd period - Deflect By Mike Richards.
6:54 of 3rd period - Shot Blocked by Shea Weber.
6:54 of 3rd period - Puck is out of play.
6:55 of 3rd period - Ryan Kesler wins face-off versus Mike Richards in Red Wings zone.
7:00 of 3rd period - Slapshot by Ryan Kesler.
7:00 of 3rd period - Shot Misses the Net.
7:22 of 3rd period - Snap shot by Jay McKee.
7:22 of 3rd period - Stopped by Scott Clemmensen with a rebound.
8:33 of 3rd period - Snap shot by Shawn Horcoff.
8:33 of 3rd period - Stopped by Brian Elliott with a rebound.
8:35 of 3rd period - Slapshot by Christian Laflamme.
8:35 of 3rd period - Deflect By Shawn Horcoff.
8:35 of 3rd period - Stopped by Brian Elliott without a rebound.
8:36 of 3rd period - Jason Spezza wins face-off versus Ryan Kesler in Penguins zone.
8:52 of 3rd period - Slapshot by Bobby Ryan.
8:52 of 3rd period - Shot Misses the Net.
9:23 of 3rd period - Slapshot by Denis Arkhipov.
9:23 of 3rd period - Shot Blocked by Richard Jackman.
9:25 of 3rd period - Snap shot by Raffi Torres.
9:25 of 3rd period - Shot Misses the Net.
9:27 of 3rd period - Slapshot by Dennis Seidenberg.
9:27 of 3rd period - Goal by Dennis Seidenberg - Penguins : 4 - Red Wings : 2.
9:28 of 3rd period - Jason Spezza wins face-off versus Ryan Kesler in neutral zone.
9:33 of 3rd period - Pernell Karl Subban is hit by Christian Laflamme and loses puck.
9:43 of 3rd period - Slapshot by Pernell Karl Subban.
9:43 of 3rd period - Stopped by Scott Clemmensen with a rebound.
9:53 of 3rd period - Rick Nash is hit by Pernell Karl Subban and loses puck.
10:22 of 3rd period - Slapshot by Rick Nash.
10:22 of 3rd period - Stopped by Brian Elliott with a rebound.
10:24 of 3rd period - Slapshot by Maxim Kondratiev.
10:24 of 3rd period - Shot Hit the Post.
10:26 of 3rd period - Slapshot by Maxim Kondratiev.
10:26 of 3rd period - Stopped by Brian Elliott with a rebound.
10:30 of 3rd period - Snap shot by Martin Havlat.
10:30 of 3rd period - Stopped by Brian Elliott without a rebound.
10:31 of 3rd period - Ryan Kesler wins face-off versus Mike Richards in Penguins zone.
10:31 of 3rd period - Ryan Kesler is hit by Teemu Selanne.
11:27 of 3rd period - Jason Spezza is hit by Sean Zimmerman and loses puck.
11:42 of 3rd period - Snap shot by Taylor Pyatt.
11:42 of 3rd period - Deflect By Teemu Selanne.
11:42 of 3rd period - Shot Misses the Net.
11:42 of 3rd period - Puck is out of play.
11:43 of 3rd period - Mike Richards wins face-off versus Peter Forsberg in Red Wings zone.
12:03 of 3rd period - Icing by Brooks Orpik.
12:04 of 3rd period - Shawn Horcoff wins face-off versus Ryan Kesler in Penguins zone.
12:31 of 3rd period - Jason Spezza is hit by Nathan Horton and loses puck.
12:38 of 3rd period - Snap shot by Steven Stamkos.
12:38 of 3rd period - Shot Misses the Net.
12:50 of 3rd period - Minor Penalty to Nathan Horton for Hooking.
12:51 of 3rd period - Jason Spezza wins face-off versus Denis Arkhipov in Penguins zone.
12:54 of 3rd period - Slapshot by Jason Spezza.
12:54 of 3rd period - Shot Misses the Net.
12:56 of 3rd period - Slapshot by Paul Martin.
12:56 of 3rd period - Shot Blocked by Denis Arkhipov.
13:04 of 3rd period - Wrist shot by Jason Spezza.
13:04 of 3rd period - Shot Misses the Net.
13:06 of 3rd period - Snap shot by Christian Laflamme.
13:06 of 3rd period - Deflect By Martin Havlat.
13:06 of 3rd period - Shot Blocked by Brent Sopel.
13:06 of 3rd period - Puck is out of play.
13:07 of 3rd period - Denis Arkhipov wins face-off versus Martin Havlat in Penguins zone.
13:22 of 3rd period - Snap shot by Jason Spezza.
13:22 of 3rd period - Stopped by Brian Elliott with a rebound.
14:13 of 3rd period - Wrist shot by Brian McGrattan.
14:13 of 3rd period - Deflect By Dustin Penner.
14:13 of 3rd period - Deflect By Teemu Selanne.
14:13 of 3rd period - Shot Misses the Net.
14:13 of 3rd period - Puck is out of play.
14:14 of 3rd period - Brian McGrattan wins face-off versus Mike Richards in Red Wings zone.
14:17 of 3rd period - Snap shot by Dustin Penner.
14:17 of 3rd period - Stopped by Scott Clemmensen with a rebound.
14:50 of 3rd period - Penalty to Nathan Horton is over, Nathan Horton is back on ice.
15:42 of 3rd period - Rick Nash is hit by Steven Stamkos and loses puck.
15:59 of 3rd period - Wrist shot by Taylor Pyatt.
15:59 of 3rd period - Shot Misses the Net.
16:01 of 3rd period - Snap shot by Taylor Pyatt.
16:01 of 3rd period - Shot Misses the Net.
16:03 of 3rd period - Wrist shot by Taylor Pyatt.
16:03 of 3rd period - Deflect By Darren Reid.
16:03 of 3rd period - Shot Blocked by Martin Havlat.
16:03 of 3rd period - Puck is out of play.
16:04 of 3rd period - Ryan Kesler wins face-off versus Jason Spezza in Red Wings zone.
16:21 of 3rd period - Pernell Karl Subban is hit by Shawn Horcoff and loses puck.
16:40 of 3rd period - Slapshot by Sean Bergenheim.
16:40 of 3rd period - Shot Misses the Net.
16:42 of 3rd period - Slapshot by Richard Jackman.
16:42 of 3rd period - Shot Blocked by Brooks Orpik.
16:59 of 3rd period - Snap shot by Ryan Kesler.
16:59 of 3rd period - Deflect By Dustin Penner.
16:59 of 3rd period - Shot Blocked by Richard Jackman.
16:59 of 3rd period - Puck is out of play.
17:00 of 3rd period - Peter Forsberg wins face-off versus Teemu Selanne in Red Wings zone.
18:33 of 3rd period - Maxim Kondratiev is hit by Peter Forsberg and loses puck.
18:42 of 3rd period - Backhand shot by Peter Forsberg.
18:42 of 3rd period - Shot Misses the Net.
18:52 of 3rd period - Jason Spezza is hit by Bobby Ryan and loses puck.
19:00 of 3rd period - Icing by Maxim Kondratiev.
19:01 of 3rd period - Steve Sullivan wins face-off versus Jason Spezza in Red Wings zone.
19:12 of 3rd period - Jason Spezza is hit by Nathan Horton and loses puck.
19:35 of 3rd period - Off-side.
19:36 of 3rd period - Steve Sullivan wins face-off versus Shawn Horcoff in neutral zone.
19:58 of 3rd period - Wrist shot by Robert Dome.
19:58 of 3rd period - Deflect By Shawn Horcoff.
19:58 of 3rd period - Stopped by Brian Elliott with a rebound.
Goals for this period are 2 for Penguins vs 2 for Red Wings.
Shots for this period are 10 for Penguins vs 13 for Red Wings.


Output by the SimonT Hockey Simulator (STHS) for François Prévost -- Original Page W3C XHTML 1.0 Valid
Hockey Simulator - Hockey Simulation - Hockey Manager